 Dungeon Crawl Stone Soup version 0.29-a0-322-g68df515428 (webtiles) character file.

Game seed: 2590519085890533456

559 Flugslaktarn the Stinger (level 7, 14/54 HPs)
             Began as a Human Venom Mage on Apr 5, 2022.
             Quit the game in an ossuary.
             The game lasted 00:09:12 (2197 turns).

Flugslaktarn the Stinger (Human Venom Mage)         Turns: 2197, Time: 00:09:12

Health: 14/54      AC:  4    Str:  8    XL:     7   Next: 57%
Magic:  19/20      EV: 12    Int: 17    God:
Gold:   47         SH:  0    Dex: 14    Spells: 6/12 levels left

rFire   . . .      SeeInvis .   b - +3 dagger
rCold   + . .      Faith    .   (no shield)
rNeg    . . .      Spirit   .   d - +2 robe {rC+}
rPois   .          Reflect  .   (no helmet)
rElec   .          Harm     .   (no cloak)
rCorr   .          Rampage  .   (no gloves)
Will    .....                   (no boots)
Stlth   ++........              (no amulet)
HPRegen 0.18/turn               f - ring of magical power
MPRegen 0.17/turn               (no ring)

@: seriously poisoned (14 -> 1)
A: no striking features
a: no special abilities


You were in an ossuary.
You visited 1 branch of the dungeon, and saw 4 of its levels.
You also visited: Ossuary.

You collected 47 gold pieces.

Inventory:

Hand Weapons
 b - a +3 dagger (weapon)
   (You took it off a kobold on level 1 of the Dungeon)
Missiles
 l - 6 javelins
Armour
 a - a +0 robe
 c - the +0 scale mail "Lasede Ixeom" {Int+4}
   (You found it on level 4 of the Dungeon)

   Int:       It affects your intelligence (+4).
 d - a +2 robe of cold resistance (worn)
   (You found it on level 2 of the Dungeon)
 i - a +2 leather armour of fire resistance
   (You found it on level 1 of the Dungeon)
Jewellery
 f - a ring of magical power (left hand)
   (You found it on level 1 of the Dungeon)
Scrolls
 e - a scroll of vulnerability
 h - a scroll of enchant weapon {unknown}
 t - a scroll of teleportation
Potions
 g - a potion of flight {unknown}
 j - a potion of haste {unknown}


   Skills:
 - Level 4.0 Fighting
 + Level 3.0 Short Blades
 - Level 2.0 Dodging
 - Level 2.0 Stealth
 - Level 3.0 Spellcasting
 - Level 2.0 Transmutations
 - Level 2.0 Air Magic
 + Level 4.6 Poison Magic


You had 6 spell levels left.
You knew the following spells:

 Your Spells              Type           Power      Damage    Failure   Level
a - Sting                 Tmut/Pois      52%        1d5       4%          1
b - Poisonous Vapours     Pois/Air       26%        N/A       7%          2
c - Mephitic Cloud        Conj/Pois/Air  10%        N/A       22%         3

Your spell library contained the following spells:

 Spells                   Type           Power      Damage    Failure   Level
 Apportation              Tloc           4%         N/A       17%         1
 Olgreb's Toxic Radiance  Pois           18%        N/A       26%         4
 Alistair's Intoxication  Tmut/Pois      8%         N/A       77%         5


Dungeon Overview and Level Annotations

Branches:
Dungeon (4/15)            Ossuary (1/1)
 Temple: D:4-7

Altars:


Message History

Press: ? - help, Shift-Dir - straight line, f/p - human zombie
Aim: a human zombie (heavily damaged, 79% to hit)
The sting hits the human zombie.
The human zombie partially resists.
The human zombie is heavily damaged.
Casting: Sting (safe; 4% risk of failure)
Confirm with . or Enter, or press ? or * to list all spells.
Aiming: Sting (safe; 4% risk of failure)
Press: ? - help, Shift-Dir - straight line, f/p - human zombie
Aim: a human zombie (heavily damaged, 79% to hit)
The sting hits the human zombie.
The human zombie is heavily damaged.
There is an open door here.
There is an open door here.
There is an open door here.
Casting: Sting (safe; 4% risk of failure)
Confirm with . or Enter, or press ? or * to list all spells.
Aiming: Sting (safe; 4% risk of failure)
Press: ? - help, Shift-Dir - straight line, f/p - human zombie
Aim: a human zombie (heavily damaged, 79% to hit)
The sting misses the human zombie.
Casting: Sting (safe; 4% risk of failure)
Confirm with . or Enter, or press ? or * to list all spells.
Aiming: Sting (safe; 4% risk of failure)
Press: ? - help, Shift-Dir - straight line, f/p - human zombie
Aim: a human zombie (heavily damaged, 79% to hit)
The sting hits the human zombie.
The human zombie partially resists.
The human zombie is heavily damaged.
There is an open door, spattered with blood here.
Casting: Sting (safe; 4% risk of failure)
Confirm with . or Enter, or press ? or * to list all spells.
Aiming: Sting (safe; 4% risk of failure)
Press: ? - help, Shift-Dir - straight line, f/p - human zombie
Aim: a human zombie (heavily damaged, 79% to hit)
The sting hits the human zombie.
The human zombie is heavily damaged.
Casting: Sting (safe; 4% risk of failure)
Confirm with . or Enter, or press ? or * to list all spells.
Aiming: Sting (safe; 4% risk of failure)
Press: ? - help, Shift-Dir - straight line, f/p - human zombie
Aim: a human zombie (heavily damaged, 79% to hit)
The sting hits the human zombie.
The human zombie partially resists.
The human zombie is heavily damaged.
The human zombie hits you.
* * * LOW HITPOINT WARNING * * *
You hit the human zombie.
The human zombie is severely damaged.
The human zombie hits you but does no damage.
You hit the human zombie.
The human zombie is severely damaged.
You barely miss the human zombie.
The human zombie is severely damaged.
The human zombie barely misses you.
You hit the human zombie.
The human zombie is severely damaged.
The human zombie hits you but does no damage.
You puncture the human zombie!
The human zombie is almost destroyed.
You barely miss the human zombie.
The human zombie is almost destroyed.
The human zombie hits you.
* * * LOW HITPOINT WARNING * * *
You hit the human zombie.
The human zombie is almost destroyed.
The human zombie closely misses you.
You hit the human zombie.
You destroy the human zombie!
Your Short Blades skill increases to level 3!
Magic restored.
There is an open door, spattered with blood here.
There is an open door here.
There is an open door here.
There is an open door here.
There is an open door here.
There is an open door here.
You are a level 7 Human Venom Mage.
You are 57% of the way to level 8.
Play time: 00:08:47 (2188 turns).
Zot will find you in 4836 turns if you stay in this branch and explore no new floors.
Unknown command.
There is an open door, spattered with blood here.
A goblin zombie comes into view.
There is an open door here.
Casting: Sting (safe; 4% risk of failure)
Confirm with . or Enter, or press ? or * to list all spells.
Aiming: Sting (safe; 4% risk of failure)
Press: ? - help, Shift-Dir - straight line, f - scorpion
Aim: a scorpion (71% to hit)
The sting hits the scorpion.
The scorpion is poisoned.
The scorpion is lightly wounded.
The scorpion barely misses you. The scorpion stings you.
* * * LOW HITPOINT WARNING * * *
You are poisoned.
The scorpion poisons you!
Unknown command.
Okay, then.
Enter note: Ok I fucking quit
Enter note: 1k turns in an ossuary
Enter note: Unknown command.
Unknown command.
Are you sure you want to abandon this character and quit the game? (Confirm with "yes".)

#.....#.....'...#...8...#
#.....#.....#...#...#...#
##'###########'#######'##
#...#...#...#...#...#...#
#...'...'...#...8...'...#
#...#...#†..#.......#...#
##########'###8...8######
#!.M#...#...#.......#?!?#
#=.Z#...8@..#...8...#=..#
#.?!#...s...#...#...#.=.#
##'###8Z..8###########'##
*..,#.......*,,,,,,,*,..*
*,,.Zs..8...',,,,,,,',,,*
*,..#...#...#.,,,,,,*,,,*
**#*###########**********


You could see 2 scorpions, a goblin zombie and a centaur zombie.

Vanquished Creatures
  4 scorpions (Ossuary)
  A centaur zombie (Ossuary)
  4 human zombies (Ossuary)
  2 scorpion zombies (Ossuary)
  2 mummies (Ossuary)
  4 adders
  A worm (D:2)
  4 ball pythons
  A bat (D:2)
  4 endoplasms
  4 giant cockroaches
  A goblin (D:3)
  5 hobgoblins
  8 jackals (D:1)
  9 kobolds
  A quokka (D:1)
  4 frilled lizards
  2 goblin zombies (Ossuary)
  2 hobgoblin zombies (Ossuary)
  A kobold zombie (Ossuary)
  2 orc zombies (Ossuary)
  3 rats
69 creatures vanquished.

Notes
Turn   | Place    | Note
-------+----------+-------------------------------------------
     0 | D:1      | Flugslaktarn the Human Venom Mage began the quest for the
                  | Orb.
     0 | D:1      | Reached XP level 1. HP: 13/13 MP: 3/3
   121 | D:1      | Reached XP level 2. HP: 19/19 MP: 1/5
   124 | D:1      | Learned a level 2 spell: Poisonous Vapours
   188 | D:2      | Reached skill level 1 in Air Magic
   188 | D:2      | Reached XP level 3. HP: 6/24 MP: 3/6
   408 | D:1      | Reached XP level 4. HP: 18/30 MP: 1/7
   412 | D:1      | Learned a level 3 spell: Mephitic Cloud
   750 | D:3      | Noticed a necrophage
   984 | D:4      | Found a sand-covered staircase.
   998 | D:4      | Identified the +0 scale mail "Lasede Ixeom" {Int+4}
  1011 | Ossuary  | Entered an ossuary
  1057 | Ossuary  | Reached XP level 5. HP: 22/35 MP: 9/9
  1529 | Ossuary  | Reached skill level 1 in Fighting
  1559 | Ossuary  | Reached skill level 1 in Short Blades
  1559 | Ossuary  | Reached XP level 6. HP: 31/44 MP: 10/10
  1885 | Ossuary  | Reached XP level 7. HP: 34/54 MP: 11/11
  2197 | Ossuary  | Ok I fucking quit
  2197 | Ossuary  | 1k turns in an ossuary
  2197 | Ossuary  | Quit the game

Illustrated notes

#.....#.....'...#...8...#
#.....#.....#...#...#...#
##'###########'#######'##
#...#...#...#...#...#...#
#...'...'...#...8...'...#
#...#...#†..#.......#...#
##########'###8...8######
#!.M#...#...#.......#?!?#
#=.Z#...8@..#...8...#=..#
#.?!#...s...#...#...#.=.#
##'###8Z..8###########'##
*..,#.......*,,,,,,,*,..*
*,,.Zs..8...',,,,,,,',,,*
*,..#...#...#.,,,,,,*,,,*
**#*###########**********


Turn 2197 on Ossuary: Ok I fucking quit

Levels and vault maps discovered:
D:1:      dpeg_arrival_more_subterranean_lakeside_camping, layout_rooms,
          shapermc_ecumenical_altar_flowoftime
D:2:      layout_loops_ring
D:3:      layout_loops_cross, dreamdust_wishing_well
D:4:      layout_basic, nicolae_kikubaaqudgha_miasma_corner,
          gammafunk_ghost_split, nicolae_ossuary_entry_monument
Ossuary:  ossuary_minmay_scorpions

Skill      XL: |  1  2  3  4  5  6  7 |
---------------+----------------------+-----
Transmutations | 2 |  2.0
Air Magic      | 1 2 |  2.0
Spellcasting   | 3 |  3.0
Fighting       | 2 4 |  4.0
Short Blades   | 1 2 3 |  3.0
Poison Magic   | 4 |  4.6
Dodging        | |  2.0
Stealth        | |  2.0

Action                   |  1- 3 |  4- 6 |  7- 9 || total
-------------------------+-------+-------+-------++-------
Melee: Unarmed           |    16 |       |       ||    16
       Dagger            |    20 |   130 |    66 ||   216
       Punch             |       |     2 |     2 ||     4
 Cast: Sting             |    38 |    63 |    31 ||   132
       Poisonous Vapours |       |     5 |     2 ||     7
  Use: Potion            |     2 |       |       ||     2
       Scroll            |       |     5 |       ||     5
 Stab: Sleeping          |       |     1 |       ||     1
Armor: Robe              |    28 |    35 |    11 ||    74
Dodge: Dodged            |    50 |    70 |    36 ||   156

Table legend: (Time is in decaauts)
 A = Elapsed time spent in this place.
 B = Non-inter-level travel time spent in this place.
 C = Inter-level travel time spent in this place.
 D = Time resting spent in this place.
 E = Time spent auto-exploring this place.
 F = Levels seen in this place.
 G = Mean time per level.
                   A        B        C        D        E       F      G
               +--------+--------+--------+--------+--------+-----+--------+
         Total |   2191 |   2123 |     68 |    273 |      0 |   5 |  438.2 |
       Dungeon |   1018 |    950 |     68 |      0 |      0 |   4 |  254.5 |
       Ossuary |   1172 |   1172 |      0 |    273 |      0 |   1 | 1172.0 |
               +--------+--------+--------+--------+--------+-----+--------+

Top non-repeatable levels by time:
 Ossuary: 1172 daAuts
     D:2: 440 daAuts
     D:1: 342 daAuts
     D:3: 175 daAuts
     D:4: 59 daAuts
